Map: AVEX - Eremita

Players

Jason

  • Race: Terran Terran
  • League: Grandmaster
  • Spawn Location: 6:00

Rob - Winner!

  • Race: Protoss Protoss
  • League: Grandmaster
  • Spawn Location: 12:00

VOD

Have the link to the VOD?

Description

Time

  • Played on: May 13, 2019, 9:10 p.m.
  • Length: 5:52
Show
View Real Time Build Order
Export as new Build Order

Jason Terran 

Build Orders: Gas First Reaper Expand 

Get SALT Encoding   

  12  0:01  SCV  
  13  0:13  SCV  
  14  0:18  Supply Depot  
  14  0:25  SCV  
  15  0:30  Refinery  
  15  0:39  SCV  
  16  0:45  Barracks  
  16  0:51  SCV  
  17  1:03  SCV  
  18  1:16  SCV  
  19  1:32  Reaper, Orbital Command  
  20  1:48  Command Center  
  20  1:59  SCV  
  21  2:04  Barracks Tech Lab  
  21  2:06  Supply Depot  
  21  2:12  SCV  
  22  2:18  Bunker  
  22  2:23  Concussive Shells  
  22  2:25  SCV  
  22  2:28  Marauder  
  25  2:34  Barracks  
  25  2:41  SCV  
  26  2:47  Barracks  
  26  2:53  Marauder  
  26  2:57  SCV  
  29  3:03  Orbital Command  
  29  3:09  SCV  
  30  3:16  Refinery  
  30  3:19  Marauder  
  32  3:23  Marine  
  33  3:34  Marine  
  33  3:40  Supply Depot  
  32  3:44  Marine x2  
  34  3:52  Bunker  
  34  3:53  Marine  
  35  4:02  Marine  
  35  4:07  Supply Depot  
  35  4:08  Marine  
  37  4:11  Marine  
  38  4:23  Marine  
  38  4:28  Marine  
  38  4:29  Marine  
  37  4:41  Marine  
  36  4:46  Marine  
  36  4:49  Marine  
  37  4:59  Marine  
  33  5:04  Marine  
  33  5:07  Marine  
  33  5:17  Marine  
  32  5:21  Marine  
  32  5:25  SCV, Marine  
  27  5:36  SCV  
  27  5:37  SCV  
Show
View Real Time Build Order
Export as new Build Order

Rob Protoss - Winner!

Build Orders:  

Get SALT Encoding   

  12  0:00  Probe  
  13  0:17  Pylon  
  13  0:18  Probe  
  14  0:28  Probe  
  14  0:30  Assimilator  
  15  0:36  Probe  
  16  0:44  Probe, Gateway  
  17  0:56  Probe  
  18  0:58  Assimilator  
  18  1:08  Probe  
  19  1:21  Probe  
  20  1:31  Cybernetics Core  
  20  1:33  Probe  
  21  1:45  Probe  
  22  1:48  Pylon  
  22  1:57  Probe  
  22  1:58  Stalker  
  25  2:08  Stargate  
  25  2:10  Warp Gate  
  25  2:14  Gateway  
  25  2:27  Stalker  
  27  2:38  Void Ray  
  27  2:49  Gateway  
  31  2:58  Pylon  
  31  3:10  Pylon  
  31  3:14  Void Ray  
  34  3:57  Void Ray  
  34  4:02  Probe  
  38  4:14  Probe  
  37  4:27  Stalker x3  
  43  4:34  Void Ray  
  44  4:54  Pylon  
  44  4:55  Pylon  
  44  5:19  Stalker  
  44  5:20  Stalker x2  
Tags
 
Add a new tag
Caveats
  • Supply blocks, unpowered buildings, or Contaminate may cause inaccurate times.
  • Supply counts are checked every 10 seconds.